 Dungeon Crawl Stone Soup version 0.27.1 (webtiles) character file.

Game seed: 1807293084196554057

74 chaosape the Covered (level 4, -1/38 HPs)
             Began as a Gnoll Wanderer on Sept 2, 2021.
             Was a Follower of Kikubaaqudgha.
             Succumbed to an adder's poison
             ... on level 2 of the Dungeon.
             The game lasted 00:09:21 (1861 turns).

chaosape the Covered (Gnoll Wanderer)               Turns: 1861, Time: 00:09:21

Health: -1/38      AC:  7    Str: 10    XL:     4   Next: 28%
Magic:  5/5        EV:  8    Int: 15    God:    Kikubaaqudgha [*.....]
Gold:   139        SH:  0    Dex: 10    Spells: 5/5 levels left

rFire    . . .     SeeInvis .   k - +2 dagger (flame)
rCold    . . .     Faith    .   (no shield)
rNeg     . . .     Spirit   .   g - +0 scale mail
rPois    .         Reflect  .   (no helmet)
rElec    .         Harm     .   (no cloak)
rCorr    .         Rampage  .   (no gloves)
Will     .....                  (no boots)
Stlth    +.........             (no amulet)
HPRegen  0.12/turn              (no ring)
MPRegen  0.09/turn              (no ring)

@: lethally poisoned (-1 -> -12), about to teleport, hasted, very quick
A: fangs 1, strong nose, distributed training
a: Renounce Religion, Receive Corpses


You were on level 2 of the Dungeon.
You worshipped Kikubaaqudgha.
Kikubaaqudgha was aware of your devotion.
You visited 1 branch of the dungeon, and saw 3 of its levels.

You collected 139 gold pieces.

Inventory:

Hand Weapons
 a - a +2 spear
 k - a +2 dagger of flaming (weapon)
Missiles
 e - 10 poisoned darts (quivered)
 i - 32 sling bullets
Armour
 c - a +0 ring mail
 g - a +0 scale mail (worn)
Potions
 f - a potion of attraction {unknown}
 h - 2 potions of degeneration {unknown}


   Skills:
 + Level 4.6 Fighting
 + Level 1.1 Short Blades
 + Level 1.1 Long Blades
 + Level 1.1 Axes
 + Level 1.1 Maces & Flails
 + Level 2.7 Polearms
 + Level 1.1 Staves
 + Level 1.1 Slings
 + Level 2.7 Bows
 + Level 1.1 Crossbows
 + Level 1.1 Throwing
 + Level 6.6 Armour
 + Level 1.1 Dodging
 + Level 2.5 Stealth
 + Level 4.6 Shields
 + Level 1.1 Unarmed Combat
 + Level 1.1 Spellcasting
 + Level 0.8 Conjurations
 + Level 0.8 Hexes
 + Level 0.8 Summonings
 + Level 0.8 Necromancy
 + Level 0.8 Translocations
 + Level 0.8 Transmutations
 + Level 0.8 Fire Magic
 + Level 0.8 Ice Magic
 + Level 0.8 Air Magic
 + Level 0.8 Earth Magic
 + Level 0.8 Poison Magic
 + Level 1.2 Invocations
 + Level 1.1 Evocations


You had 5 spell levels left.
You didn't know any spells.
Your spell library contained the following spells:

 Spells                   Type           Power      Damage    Failure   Level
 Animate Skeleton         Necr           6%         N/A       67%         1
 Pain                     Necr           12%        1d4       67%         1
 Sublimation of Blood     Necr           1%         N/A       80%         2
 Gell's Gravitas          Tloc           1%         N/A       95%         3
 Teleport Other           Tloc           3%         N/A       95%         3
 Vampiric Draining        Necr           1%         2d6       95%         3
 Dispersal                Tloc           1%         N/A       100%        6


Dungeon Overview and Level Annotations

Branches:
Dungeon (3/15)

Altars:
Kikubaaqudgha
Beogh


Innate Abilities, Weirdness & Mutations

You have very sharp teeth.
Your uncanny sense of smell can sniff out nearby items.
Your experience applies equally to all skills.


Message History

You feel yourself speed up.
You feel sick. The scorpion barely misses you. The adder bites you.
* * * LOW HITPOINT WARNING * * *
The scorpion barely misses you.
You feel better. The adder bites you but does no damage.
You closely miss the scorpion.
The scorpion is moderately wounded.
The scorpion stings you.
You are poisoned.
The scorpion poisons you! The adder barely misses you.
You hit the scorpion but do no damage.
The scorpion is moderately wounded.
You feel very sick. The scorpion stings you. The adder barely misses you.
You barely miss the scorpion.
The scorpion is moderately wounded.
You feel sick. The adder bites you but does no damage.
The scorpion stings you but does no damage.
You closely miss the scorpion.
The scorpion is moderately wounded.
* * * LOW HITPOINT WARNING * * *
You feel sick. The adder bites you.
* * * LOW HITPOINT WARNING * * *
You are more poisoned.
The adder poisons you!
You hit the scorpion. You burn the scorpion.
The scorpion is heavily wounded.
* * * LOW HITPOINT WARNING * * *
You feel sick. The scorpion stings you.
* * * LOW HITPOINT WARNING * * *
As you read the scroll labelled HOEFRO TAEXEST, it crumbles to dust.
You feel strangely unstable.
It was a scroll of teleportation.
* * * LOW HITPOINT WARNING * * *
You feel sick. The adder bites you but does no damage.
The scorpion closely misses you.
As you read the scroll labelled ZEFOJE ZESAEME, it crumbles to dust.
You hear a loud clanging noise!
It was a scroll of noise.
You die...
Kikubaaqudgha rasps: "You have failed me!
Welcome... death!"

#.#.......# #.......#
..........# ###).####
#.#.......# ##.# #.#.......#
#.# .....)<...# #.# ##........#
#.# ....####### #.# ##.## #s#
#.# #@# ##.##### #S#
.......#########.#
.#.##........>...##############
...##..##########.....).......#
.#.....# #......##..#####.#
.####..## #.##.#........##.#
........# #.##.#..#..##.##.#
#####...# #.#.....#..##.##.###


You could see a scorpion and an adder.

Vanquished Creatures
  2 adders (D:2)
  A worm (D:2)
  A dart slug (D:1)
  2 orcs (D:2)
  4 ball pythons
  6 bats
  4 endoplasms
  3 giant cockroaches (D:1)
  5 goblins
  4 hobgoblins
  2 quokkas (D:2)
  A frilled lizard (D:2)
  5 kobolds
  5 rats
45 creatures vanquished.

Notes
Turn   | Place    | Note
-------+----------+-------------------------------------------
     0 | D:1      | chaosape the Gnoll Wanderer began the quest for the Orb.
     0 | D:1      | chaosape set off with the following items: a +2 spear, a
                  | potion of curing, a +0 ring mail
     0 | D:1      | Reached XP level 1. HP: 20/20 MP: 1/1
   153 | D:1      | Reached XP level 2. HP: 26/26 MP: 2/2
   711 | D:1      | Reached XP level 3. HP: 31/31 MP: 3/3
  1074 | D:2      | Reached skill level 1 in Invocations
  1244 | D:2      | Reached skill level 1 in Short Blades
  1244 | D:2      | Reached skill level 1 in Long Blades
  1244 | D:2      | Reached skill level 1 in Axes
  1244 | D:2      | Reached skill level 1 in Maces & Flails
  1244 | D:2      | Reached skill level 1 in Staves
  1244 | D:2      | Reached skill level 1 in Slings
  1244 | D:2      | Reached skill level 1 in Crossbows
  1244 | D:2      | Reached skill level 1 in Throwing
  1244 | D:2      | Reached skill level 1 in Dodging
  1244 | D:2      | Reached skill level 1 in Unarmed Combat
  1244 | D:2      | Reached skill level 1 in Spellcasting
  1244 | D:2      | Reached skill level 1 in Evocations
  1255 | D:2      | Reached XP level 4. HP: 38/38 MP: 5/5
  1413 | D:2      | Found a faded altar of an unknown god.
  1515 | D:2      | Became a worshipper of Kikubaaqudgha
  1515 | D:2      | Reached * piety under Kikubaaqudgha
  1515 | D:2      | Received a gift from Kikubaaqudgha
  1840 | D:3      | Noticed a scorpion
  1860 | D:2      | HP: 1/38 [poisoned by an adder]
  1861 | D:2      | Succumbed to an adder's poison

Illustrated notes

Levels and vault maps discovered:
D:1:      scummos_arrival_checkerplants, layout_basic
D:2:      layout_loops_cross, hellmonk_ecumenical_altar_defaced_shrine
D:3:      layout_rooms, nicolae_wu_jian_immortal_techniques, uniq_terence,
          uniq_jessica

Skill      XL: |  1  2  3 |
---------------+----------+-----
Invocations    | 1 |  1.2
Short Blades   | 1 |  1.1
Long Blades    | 1 |  1.1
Axes           | 1 |  1.1
Maces & Flails | 1 |  1.1
Staves         | 1 |  1.1
Slings         | 1 |  1.1
Crossbows      | 1 |  1.1
Throwing       | 1 |  1.1
Dodging        | 1 |  1.1
Unarmed Combat | 1 |  1.1
Spellcasting   | 1 |  1.1
Evocations     | 1 |  1.1
Fighting       | |  4.6
Polearms       | |  2.7
Bows           | |  2.7
Armour         | |  6.6
Stealth        | |  2.5
Shields        | |  4.6
Conjurations   | |  0.8
Hexes          | |  0.8
Summonings     | |  0.8
Necromancy     | |  0.8
Translocations | |  0.8
Transmutations | |  0.8
Fire Magic     | |  0.8
Ice Magic      | |  0.8
Air Magic      | |  0.8
Earth Magic    | |  0.8
Poison Magic   | |  0.8

Action                   |  1- 3 |  4- 6 || total
-------------------------+-------+-------++-------
Melee: Spear             |   123 |     4 ||   127
       Bite              |     5 |     2 ||     7
       Dagger            |       |    41 ||    41
  Use: Scroll            |     2 |     2 ||     4
       Potion            |       |     2 ||     2
 Stab: Sleeping          |     1 |       ||     1
Armor: Ring mail         |    29 |       ||    29
       Scale mail        |    24 |    26 ||    50
Dodge: Dodged            |    59 |    26 ||    85
